 Dungeon Crawl Stone Soup version 0.28-b1-1-g3c77fb2ed1 (webtiles) character file.

Game seed: 7366665736552141473

32 zeram the Sneak (level 3, -1/24 HPs)
             Began as an Octopode Brigand on Jan 28, 2022.
             Slain by Robin (6 damage)
             ... on level 2 of the Dungeon.
             The game lasted 00:01:04 (970 turns).

zeram the Sneak (Octopode Brigand)                   Turns: 970, Time: 00:01:04

Health: -1/24      AC:  1    Str: 10    XL:     3   Next: 27%
Magic:  3/3        EV: 12    Int: 15    God:
Gold:   27         SH:  0    Dex: 13    Spells: 2/2 levels left

rFire   . . .      SeeInvis .   a - +2 dagger
rCold   . . .      Faith    .   (no shield)
rNeg    . . .      Spirit   .   (helmet restricted)
rPois   .          Reflect  .   (no amulet)
rElec   .          Harm     .   (no ring)
rCorr   .          Rampage  .   (no ring)
Will    .....                   (no ring)
Stlth   ++++......              (no ring)
HPRegen 0.08/turn               (no ring)
MPRegen 0.08/turn               (no ring)
                                (no ring)
                                (no ring)

@: lethally poisoned (-1 -> -8)
A: almost no armour, amphibious, 8 rings, camouflage 1, gelatinous body 1,
(nimble swimmer 1), tentacles
a: no special abilities


You were on level 2 of the Dungeon.
You visited 1 branch of the dungeon, and saw 2 of its levels.

You collected 27 gold pieces.

Inventory:

Hand Weapons
 a - a +2 dagger (weapon)
Missiles
 b - 10 poisoned darts (quivered)
 c - 2 curare-tipped darts
Potions
 d - 2 potions of curing {unknown}
 f - 2 potions of heal wounds
 g - a potion of magic {unknown}


   Skills:
 - Level 2.0 Fighting
 + Level 2.4 Short Blades
 - Level 2.0 Throwing
 + Level 1.0 Dodging
 + Level 6.6 Stealth


You had 2 spell levels left.
You didn't know any spells.
Your spell library was empty.

Dungeon Overview and Level Annotations

Branches:
Dungeon (2/15)

Altars:

Annotations:
D:2 Robin


Innate Abilities, Weirdness & Mutations

You cannot wear most types of armour.
You are amphibious.
You can wear up to eight rings at the same time.
Your skin changes colour to match your surroundings (Stealth+).
Your rubbery body absorbs attacks. (AC +1, EV +1)
((You are camouflaged when in or above water. (Stealth+)))
You have tentacles for arms and can constrict up to eight enemies at once.


Message History

3 goblins come into view.
A goblin is wielding a +0 dagger of venom.
The goblin shouts! x2; You hear a shout! x4
There are monsters nearby!
There are monsters nearby!
There are monsters nearby!
A hobgoblin comes into view.
The hobgoblin shouts!
You hit the goblin.
You kill the goblin!
Robin of the Strong Arm comes into view.
They are wielding a +0 spear.
The goblin hits you with a +0 dagger of venom.
You are poisoned.
You barely miss the goblin. You grab the goblin. You constrict the goblin.
You feel very sick. The goblin closely misses you.
You hit the goblin.
You kill the goblin!
You feel sick.
The goblin hits you with a +0 dagger of venom.
You are more poisoned.
A hobgoblin comes into view. x2
You hit the goblin. You grab the goblin. You squeeze the goblin.
You kill the goblin!
You feel very sick.
Unknown command.
You closely miss the hobgoblin. You grab the hobgoblin.
You squeeze the hobgoblin, but do no damage.
You constrict the hobgoblin, but do no damage.
You feel very sick. Robin closely misses you. The hobgoblin hits you.
* * * LOW HITPOINT WARNING * * *
You are too injured to fight recklessly!
You are too injured to fight recklessly!
Unknown command.
You release your grip on the hobgoblin.
* * * LOW HITPOINT WARNING * * *
You feel sick.
Robin hits you from afar with a +0 spear.
You die...

####....####.........####..
#....## ##.......## ##.
#.....# ##.....## #.
#.....# ##...## ##
##.....## #+## #.......#
#.##.##.### #. #...g..# #
#...g@.# #..g.........
##.g...###... #.....# #
.....### #######


You could see Robin and 3 hobgoblins.

Vanquished Creatures
  A dart slug (D:1)
  5 endoplasms (D:1)
  3 hobgoblins (D:1)
  6 kobolds (D:1)
  A quokka (D:1)
  A ball python (D:1)
  2 bats (D:1)
  2 frilled lizards (D:1)
  5 goblins
  3 rats (D:1)
29 creatures vanquished.

Notes
Turn   | Place    | Note
-------+----------+-------------------------------------------
     0 | D:1      | zeram the Octopode Brigand began the quest for the Orb.
     0 | D:1      | Reached XP level 1. HP: 14/14 MP: 1/1
   164 | D:1      | Reached XP level 2. HP: 19/19 MP: 2/2
   175 | D:1      | Reached skill level 6 in Stealth
   746 | D:1      | Reached XP level 3. HP: 24/24 MP: 3/3
   812 | D:1      | Found a faded altar of an unknown god.
   965 | D:2      | Noticed Robin
   970 | D:2      | Slain by Robin

Illustrated notes

Levels and vault maps discovered:
D:1:      onia_arrival_mini_spirals, layout_loops_ring,
          shapermc_ecumenical_altar_pompeii, minmay_tetromino_i2
D:2:      layout_loops_corners, cheibrodos_gnoll_hut, uniq_terence,
          uniq_crazy_yiuf_cottage, uniq_robin

Skill      XL: |  1  2 |
---------------+-------+-----
Stealth        | 6 |  6.6
Fighting       | |  2.0
Short Blades   | |  2.4
Throwing       | |  2.0
Dodging        | |  1.0

Action                   || total
-------------------------++-------
Melee: Dagger            ||    43
       Constrict         ||     9
       Tentacles         ||     4
  Use: Scroll            ||     4
 Stab: Sleeping          ||    13
Armor: Skin              ||     4
Dodge: Dodged            ||    14
